[ PARTIDA AOE2 · #495117956 ]
UnrankedPersas vs Magyars
Equipo del jugador · DERR
Equipo rival · VICT
[ ANÁLISIS DE REPETICIÓN · EXTRAÍDO DE LA PARTIDA GRABADA ]
Feudal
28:53
Castillos
37:57
Imperial
—
| APM promedio | 41.8 |
| APM pico | 73 |
| eAPM promedio | 23.3 |
| Aldeanos / militares | 75 / 7 |
Foco
⚔️ 23.5% · 🌾 76.5%
Scout Cavalry ×7
Feudal
9:23
Castillos
—
Imperial
—
| APM promedio | 19.9 |
| APM pico | 58 |
| eAPM promedio | 6.9 |
| Aldeanos / militares | 19 / 0 |
Foco
⚔️ 32.9% · 🌾 67.1%
Mapa de la partida
Recursos iniciales + cada clic de construcción. Líneas = muros · curvas = relieve. ◆ oro · ⬟ piedra · ● bayas · ✦ reliquia · ◌ hueco del cierre
Tu base· Abierta — flanco sin cerrar
Base de Instagram: Trading.conmike· Abierta — flanco sin cerrar
Terreno inicial suavizado · ◌ = hueco del cierre detectado · pasá el cursor para detalles
Inputs por minuto
— [GDL] Faraon - - Instagram: Trading.conmike
Build order — [GDL] Faraon
Primeras 150 de 162 acciones detectadas
| 0:00 | Crear | Villager (Male) |
| 0:01 | Crear | Villager (Male) |
| 0:01 | Crear | Villager (Male) |
| 0:01 | Crear | Villager (Male) |
| 0:02 | Crear | Villager (Male) |
| 0:03 | Construir | House |
| 0:04 | Construir | House |
| 1:26 | Crear | Villager (Male) |
| 1:50 | Construir | House |
| 1:56 | Construir | Lumber Camp |
| 1:57 | Construir | House |
| 1:58 | Construir | House |
| 2:04 | Crear | Villager (Male) |
| 2:54 | Crear | Villager (Male) |
| 2:55 | Crear | Villager (Male) |
| 2:55 | Crear | Villager (Male) |
| 2:58 | Crear | Villager (Male) |
| 4:02 | Crear | Villager (Male) |
| 4:02 | Crear | Villager (Male) |
| 4:47 | Crear | Villager (Male) |
| 5:00 | Construir | Palisade Gate |
| 5:11 | Crear | Villager (Male) |
| 5:11 | Crear | Villager (Male) |
| 5:24 | Crear | Villager (Male) |
| 5:29 | Investigar | Loom |
| 6:31 | Construir | Mill |
| 6:43 | Construir | Town Center |
| 7:36 | Crear | Villager (Male) |
| 7:51 | Construir | Palisade Wall |
| 8:01 | Crear | Villager (Male) |
| 8:15 | Crear | Villager (Male) |
| 8:31 | Construir | Palisade Wall |
| 8:39 | Construir | House |
| 8:52 | Crear | Villager (Male) |
| 9:41 | Crear | Villager (Male) |
| 9:41 | Crear | Villager (Male) |
| 10:34 | Crear | Villager (Male) |
| 11:00 | Crear | Villager (Male) |
| 11:00 | Crear | Villager (Male) |
| 11:35 | Crear | Villager (Male) |
| 11:35 | Crear | Villager (Male) |
| 12:05 | Crear | Villager (Male) |
| 12:50 | Construir | House |
| 13:06 | Crear | Villager (Male) |
| 13:10 | Construir | House |
| 13:39 | Crear | Villager (Male) |
| 14:11 | Construir | House |
| 14:27 | Crear | Villager (Male) |
| 14:56 | Crear | Villager (Male) |
| 15:25 | Crear | Villager (Male) |
| 15:53 | Crear | Villager (Male) |
| 16:29 | Crear | Villager (Male) |
| 16:59 | Construir | Town Center |
| 17:59 | Crear | Villager (Male) |
| 17:59 | Crear | Villager (Male) |
| 18:39 | Crear | Villager (Male) |
| 19:20 | Crear | Villager (Male) |
| 19:27 | Construir | Palisade Gate |
| 19:32 | Construir | Palisade Wall |
| 19:37 | Construir | Palisade Wall |
| 20:10 | Crear | Villager (Male) |
| 20:47 | Construir | House |
| 21:17 | Crear | Villager (Male) |
| 21:18 | Crear | Villager (Male) |
| 21:30 | Construir | House |
| 21:34 | Construir | House |
| 21:43 | Crear | Villager (Male) |
| 21:53 | Construir | Palisade Wall |
| 21:56 | Construir | House |
| 22:28 | Crear | Villager (Male) |
| 22:31 | Construir | Mill |
| 22:37 | Construir | Mill |
| 22:52 | Construir | Palisade Wall |
| 23:11 | Crear | Villager (Male) |
| 23:27 | Crear | Villager (Male) |
| 23:27 | Crear | Villager (Male) |
| 23:42 | Crear | Villager (Male) |
| 23:57 | Crear | Villager (Male) |
| 24:05 | Construir | Mill |
| 24:07 | Crear | Villager (Male) |
| 24:17 | Crear | Villager (Male) |
| 24:28 | Construir | Farm |
| 24:54 | Construir | Farm |
| 25:10 | Crear | Villager (Male) |
| 25:21 | Construir | Farm |
| 25:59 | Crear | Villager (Male) |
| 26:06 | Crear | Villager (Male) |
| 26:25 | Construir | Farm |
| 26:49 | Investigar | Feudal Age |
| 26:53 | Construir | Mill |
| 27:43 | Crear | Villager (Male) |
| 27:49 | Construir | Lumber Camp |
| 28:09 | Crear | Villager (Male) |
| 28:22 | Construir | House |
| 28:28 | Construir | Palisade Wall |
| 28:53 | Edad | Edad Feudal |
| 29:02 | Construir | Barracks |
| 29:26 | Crear | Villager (Male) |
| 29:31 | Crear | Villager (Male) |
| 29:54 | Construir | Stable |
| 30:03 | Construir | Farm |
| 30:07 | Crear | Villager (Male) |
| 30:21 | Construir | Farm |
| 30:27 | Investigar | Double-Bit Axe |
| 30:32 | Crear | Scout Cavalry |
| 30:33 | Crear | Scout Cavalry |
| 30:54 | Crear | Villager (Male) |
| 30:54 | Crear | Villager (Male) |
| 30:59 | Construir | Farm |
| 31:10 | Construir | Blacksmith |
| 31:21 | Crear | Villager (Male) |
| 31:23 | Construir | Farm |
| 31:32 | Investigar | Horse Collar |
| 31:35 | Investigar | Scale Barding Armor |
| 31:43 | Crear | Scout Cavalry |
| 31:47 | Investigar | Forging |
| 31:59 | Crear | Villager (Male) |
| 32:02 | Construir | Farm |
| 32:03 | Construir | Farm |
| 32:03 | Crear | Villager (Male) |
| 32:31 | Crear | Villager (Male) |
| 32:35 | Crear | Scout Cavalry |
| 32:41 | Construir | House |
| 32:41 | Construir | House |
| 32:54 | Construir | Farm |
| 32:55 | Construir | Farm |
| 33:00 | Construir | Market |
| 33:20 | Crear | Scout Cavalry |
| 33:25 | Crear | Villager (Male) |
| 33:33 | Construir | Mill |
| 33:33 | Construir | Farm |
| 33:34 | Construir | Farm |
| 33:34 | Construir | Farm |
| 33:34 | Construir | Farm |
| 33:38 | Crear | Villager (Male) |
| 34:15 | Crear | Villager (Male) |
| 34:16 | Crear | Villager (Male) |
| 34:20 | Construir | Farm |
| 34:21 | Construir | Farm |
| 34:59 | Crear | Villager (Male) |
| 35:03 | Construir | Farm |
| 35:06 | Construir | Farm |
| 35:32 | Investigar | Castle Age |
| 36:17 | Construir | House |
| 36:43 | Crear | Scout Cavalry |
| 36:43 | Crear | Scout Cavalry |
| 37:01 | Crear | Villager (Male) |
| 37:02 | Crear | Villager (Male) |
| 37:25 | Crear | Villager (Male) |
| 37:36 | Investigar | Bloodlines |
Build order — Instagram: Trading.conmike
51 acciones detectadas en el replay
| 0:00 | Crear | Villager (Male) |
| 0:01 | Crear | Villager (Male) |
| 0:01 | Crear | Villager (Male) |
| 0:01 | Crear | Villager (Male) |
| 0:01 | Crear | Villager (Male) |
| 0:02 | Construir | House |
| 0:04 | Construir | House |
| 1:28 | Crear | Villager (Male) |
| 1:46 | Construir | Lumber Camp |
| 1:58 | Crear | Villager (Male) |
| 1:58 | Crear | Villager (Male) |
| 2:29 | Crear | Villager (Male) |
| 2:30 | Crear | Villager (Male) |
| 3:07 | Crear | Villager (Male) |
| 3:28 | Crear | Villager (Male) |
| 3:42 | Construir | House |
| 3:45 | Construir | House |
| 3:54 | Crear | Villager (Male) |
| 4:13 | Construir | House |
| 4:28 | Crear | Villager (Male) |
| 4:57 | Crear | Villager (Male) |
| 4:57 | Crear | Villager (Male) |
| 5:33 | Crear | Villager (Male) |
| 6:04 | Construir | Mill |
| 6:05 | Crear | Villager (Male) |
| 6:24 | Investigar | Loom |
| 7:13 | Investigar | Feudal Age |
| 7:33 | Construir | Lumber Camp |
| 8:26 | Construir | House |
| 8:29 | Construir | Barracks |
| 8:32 | Construir | House |
| 8:57 | Construir | House |
| 8:59 | Construir | House |
| 9:23 | Edad | Edad Feudal |
| 14:03 | Construir | Town Center |
| 15:18 | Construir | Town Center |
| 15:23 | Construir | Palisade Wall |
| 16:53 | Crear | Villager (Male) |
| 21:53 | Construir | Lumber Camp |
| 27:28 | Construir | Palisade Wall |
| 27:30 | Construir | Palisade Wall |
| 31:59 | Construir | Stone Wall |
| 32:09 | Construir | Stone Wall |
| 32:17 | Construir | Stone Wall |
| 32:20 | Construir | Stone Wall |
| 32:26 | Construir | Stone Wall |
| 32:39 | Construir | Stone Wall |
| 32:46 | Construir | Stone Wall |
| 33:13 | Construir | Stone Wall |
| 33:25 | Construir | Stone Wall |
| 33:40 | Construir | Stone Wall |
Cronología de la partida
| 7:51 | [GDL] Faraon · wall_segment Palisade Wall x1 |
| 8:29 | Instagram: Trading.conmike · first_building Barracks |
| 8:31 | [GDL] Faraon · wall_segment Palisade Wall x1 |
| 9:23 | Instagram: Trading.conmike · age_up feudal |
| 15:23 | Instagram: Trading.conmike · wall_segment Palisade Wall x1 |
| 19:32 | [GDL] Faraon · wall_segment Palisade Wall x1 |
| 19:37 | [GDL] Faraon · wall_segment Palisade Wall x1 |
| 21:53 | [GDL] Faraon · wall_segment Palisade Wall x2 |
| 22:52 | [GDL] Faraon · wall_segment Palisade Wall x1 |
| 27:28 | Instagram: Trading.conmike · wall_segment Palisade Wall x1 |
| 27:30 | Instagram: Trading.conmike · wall_segment Palisade Wall x1 |
| 28:28 | [GDL] Faraon · wall_segment Palisade Wall x1 |
| 28:53 | [GDL] Faraon · age_up feudal |
| 29:02 | [GDL] Faraon · first_building Barracks |
| 29:54 | [GDL] Faraon · first_building Stable |
| 31:59 | Instagram: Trading.conmike · wall_segment Stone Wall x1 |
| 32:09 | Instagram: Trading.conmike · wall_segment Stone Wall x1 |
| 32:17 | Instagram: Trading.conmike · wall_segment Stone Wall x1 |
| 32:20 | Instagram: Trading.conmike · wall_segment Stone Wall x1 |
| 32:26 | Instagram: Trading.conmike · wall_segment Stone Wall x1 |
| 32:39 | Instagram: Trading.conmike · wall_segment Stone Wall x1 |
| 32:46 | Instagram: Trading.conmike · wall_segment Stone Wall x1 |
| 33:13 | Instagram: Trading.conmike · wall_segment Stone Wall x1 |
| 33:25 | Instagram: Trading.conmike · wall_segment Stone Wall x1 |
| 33:40 | Instagram: Trading.conmike · wall_segment Stone Wall x1 |
| 34:51 | [GDL] Faraon · first_market_sell 500 wood |
| 34:52 | [GDL] Faraon · first_market_buy 100 food |
| 37:57 | [GDL] Faraon · age_up castle |
[ ANÁLISIS IA · 1 CRÉDITO ]
¿Qué pasó realmente en esta partida?
Wolo.gg analiza cada decisión: build order, eco, micro, errores típicos por bracket. Análisis personalizado por WhatsApp o Discord en 30 segundos.
Guía civ
Persas
Perfil
[GDL] Faraon